 Dungeon Crawl Stone Soup version 0.29.1-1-gd02db6906a (webtiles) character file.

Game seed: 18269394834065025426

425 lonewolfV2 the Trooper (level 6, -1/56 HPs)
             Began as a Draconian Fighter on Oct 17, 2022.
             Slain by Zeld's ghost (5 damage)
             ... on level 4 of the Dungeon.
             The game lasted 00:06:35 (4900 turns).

lonewolfV2 the Trooper (Draconian Fighter)          Turns: 4900, Time: 00:06:36

Health: -1/56      AC:  6    Str: 25    XL:     6   Next: 64%
Magic:  6/6        EV: 12    Int:  8    God:
Gold:   105        SH:  5    Dex: 10    Spells: 5/5 levels left

rFire   . . .      SeeInvis .   d - +8 long sword of Gyuf {drain, Str+4}
rCold   . . .      Faith    .   b - +1 buckler
rNeg    . . .      Spirit   .   (body armour unavailable)
rPois   .          Reflect  .   (helmet restricted)
rElec   .          Harm     .   (no cloak)
rCorr   .          Rampage  .   (no gloves)
Will    .....                   (no boots)
Stlth   +.........              (no amulet)
HPRegen 0.18/turn               (no ring)
MPRegen 0.10/turn               (no ring)

@: mighty, lethally poisoned (-1 -> -10)
A: AC +6, unfitting armour, cold-blooded
a: no special abilities


You were on level 4 of the Dungeon.
You visited 1 branch of the dungeon, and saw 4 of its levels.
You also visited: Ossuary.

You collected 317 gold pieces.
You spent 212 gold pieces at shops.

Inventory:

Hand Weapons
 a - a +0 war axe
 d - the +8 long sword of Gyuf (weapon) {drain, Str+4}
   (You bought it in a shop on level 1 of the Dungeon)

   A truly terrible weapon, it drains the life of any living foe it strikes.
   Str:       It affects your strength (+4).
Missiles
 l - 6 curare-tipped darts
Armour
 b - a +1 buckler (worn)
Wands
 j - a wand of paralysis (10) (quivered)
Scrolls
 e - 2 scrolls of identify
 f - a scroll of fog
 g - a scroll of vulnerability {unknown}
 i - 4 scrolls of teleportation
Potions
 c - 2 potions of might


   Skills:
 * Level 5.0 Fighting
 * Level 0.0 Long Blades
 - Level 3.8 Axes
 + Level 4.1 Dodging
 + Level 4.6 Shields


You had 5 spell levels left.
You didn't know any spells.
Your spell library contained the following spells:

 Spells                   Type           Power      Damage    Failure   Level
 Summon Small Mammal      Summ           0%         N/A       50%         1
 Call Canine Familiar     Summ           0%         N/A       86%         3
 Summon Guardian Golem    Hex/Summ       0%         N/A       86%         3


Dungeon Overview and Level Annotations

Branches:
Dungeon (4/15)            Ossuary (visited)
 Temple: D:4-7

Altars:

Shops:
D:1 (   D:4 *

Annotations:
D:4 Zeld's ghost, amateur MiFi


Innate Abilities, Weirdness & Mutations

Your plain brown scales are hard. (AC +6)
You cannot fit into any form of body armour.
You are cold-blooded and may be slowed by cold attacks.


Message History

You are poisoned.
You closely miss Zeld's ghost. You tail-slap Zeld's ghost.
Zeld's ghost is lightly damaged.
You feel very sick. Zeld's ghost misses you. Zeld's ghost hits you.
You hit Zeld's ghost but do no damage.
Zeld's ghost is lightly damaged.
You feel very sick. You block Zeld's ghost's attack.
You barely miss Zeld's ghost.
Zeld's ghost is lightly damaged.
You feel sick. Zeld's ghost hits you.
You are more poisoned.
Zeld's ghost hits you!
You hit Zeld's ghost.
Zeld's ghost is lightly damaged.
You feel very sick. Zeld's ghost hits you.
You feel better. Zeld's ghost hits you!
You are poisoned.
You feel very mighty all of a sudden.
You feel very sick. Zeld's ghost closely misses you.
You barely miss Zeld's ghost.
Zeld's ghost is lightly damaged.
You feel very sick. You block Zeld's ghost's attack. Zeld's ghost hits you.
* * * LOW HITPOINT WARNING * * *
You are lethally poisoned!
You slice Zeld's ghost!! You tail-slap Zeld's ghost.
Zeld's ghost is heavily damaged.
* * * LOW HITPOINT WARNING * * *
You feel very sick. Zeld's ghost barely misses you.
You slash Zeld's ghost!
Zeld's ghost is almost destroyed.
* * * LOW HITPOINT WARNING * * *
You feel very sick. Zeld's ghost closely misses you. Zeld's ghost hits you.
You die...

#...###########.#####.#.######.##
#.......##......### #.#.........#
................#.. ..########..#
.##.............#.##### #####..#
................#.########...#..#
##......#########.##.....+......#
##...#####.(!.(#........##...##.#
##..# #.(...#..##.#.......##..
#..## #...(.W@.#.....####.....
##..####(....'.................
.####...##..(..'..#.....###...###
.........#♣...(#..#.....'.....#
.######.##.....#..#.....##....#
.........##########.....##....#
#######.........###.....##....###
....#.#.#.#....÷...........>...
##.##.#.#.#.....####)#.###.##'###


You could see Zeld's ghost.

Vanquished Creatures
  Sigmund (D:2)
  A water moccasin zombie (Ossuary)
  A howler monkey (D:4)
  An orc priest (D:4)
  An orc wizard (D:4)
  A mummy (D:4)
  An adder (D:2)
  2 dart slugs
  3 orcs (D:4)
  4 bats
  8 endoplasms
  2 giant cockroaches (D:4)
  2 hobgoblins
  7 jackals
  8 kobolds
  3 quokkas
  5 ball pythons
  5 frilled lizards
  10 goblins
  A hobgoblin zombie (Ossuary)
  2 kobold zombies
  2 orc zombies
  6 rats
77 creatures vanquished.

Notes
Turn   | Place    | Note
-------+----------+-------------------------------------------
     0 | D:1      | lonewolfV2 the Draconian Fighter began the quest for the
                  | Orb.
     0 | D:1      | Reached XP level 1. HP: 19/19 MP: 1/1
   453 | D:1      | Reached XP level 2. HP: 25/26 MP: 2/2
  1139 | D:1      | Reached XP level 3. HP: 23/33 MP: 3/3
  1326 | D:1      | Found Essufad's Antique Weapon Shoppe.
  1721 | D:2      | Noticed Sigmund
  1732 | D:2      | Killed Sigmund
  1733 | D:2      | Reached skill level 4 in Fighting
  1733 | D:2      | Reached XP level 4. HP: 41/41 MP: 4/4
  1733 | D:2      | Reached XP level 5. HP: 47/47 MP: 5/5
  1975 | D:2      | Found a faded altar of an unknown god.
  3299 | D:4      | Found a sand-covered staircase.
  3523 | Ossuary  | Entered an ossuary
  3554 | Ossuary  | Reached XP level 6. HP: 23/55 MP: 6/6
  4180 | D:4      | Found Kouvuruf's General Store.
  4190 | D:4      | Reached skill level 5 in Fighting
  4386 | D:1      | Bought a masterwork long sword for 212 gold pieces
  4386 | D:1      | Identified the +8 long sword of Gyuf {drain, Str+4} (You
                  | bought it in a shop on level 1 of the Dungeon)
  4881 | D:4      | Found a runed translucent gate.
  4881 | D:4      | Found a runed translucent gate.
  4881 | D:4      | Found a runed translucent gate.
  4884 | D:4      | Noticed Zeld's ghost (amateur MiFi)
  4900 | D:4      | Slain by Zeld's ghost

Illustrated notes

Levels and vault maps discovered:
D:1:      minmay_arrival_checkered_box, layout_basic, serial_shops, shop
D:2:      layout_basic, hellmonk_ecumenical_altar_blasted, uniq_sigmund
D:3:      layout_rooms, kennysheep_generic_room_10
D:4:      layout_basic, ebering_ghost_rock_garden, nicolae_ossuary_entry_giza,
          serial_shops, shop

Skill      XL: |  1  2  3  4  5  6 |
---------------+-------------------+-----
Dodging        | 3 4 |  4.1
Fighting       | 4 5 |  5.0
Axes           | 3 |  3.8
Shields        | 4 |  4.6

Action                   |  1- 3 |  4- 6 || total
-------------------------+-------+-------++-------
Melee: War axe           |   100 |   110 ||   210
       Tailslap          |    14 |    16 ||    30
       Long sword        |       |    14 ||    14
Evoke: Wand              |     3 |       ||     3
  Use: Scroll            |       |     7 ||     7
       Potion            |       |     3 ||     3
 Stab: Sleeping          |     1 |     1 ||     2
       Paralysed         |     5 |       ||     5
Armor: Skin              |    33 |    40 ||    73
Dodge: Dodged            |    48 |    86 ||   134
Block: Buckler           |    15 |    34 ||    49
